 Dungeon Crawl Stone Soup version bcrawl-1.12-11-gb93c957c58 (webtiles) character file.

Game seed: 14647062012774613624

67 Chiseanne the Cudgeler (level 3, -1/28 HPs)
             Began as a Djinni Archaeologist on July 10, 2019.
             Slain by a worm (5 damage)
             ... on level 3 of the Dungeon.
             The game lasted 00:04:25 (3198 turns).

Chiseanne the Cudgeler (Djinni Archaeologist)       Turns: 3198, Time: 00:04:26

Health: -1/28      AC:  9    Str: 13    XL:     3   Next: 98%
Magic:  3/3        EV: 11    Int: 16    God:
Gold:   119        SH:  0    Dex: 10    Spells: 2/2 levels left

rFire    . . .     SeeInvis .   a - +0 hand axe
rCold    . . .     Gourm    .   (no shield)
rNeg     . . .     Faith    .   u - +1 ring mail
rPois    .         Spirit   .   b - +1 hat
rElec    .         Reflect  .   (no cloak)
rCorr    .         Harm     .   d - +1 pair of gloves
MR       .....                  (boots unavailable)
Stlth    +.........             (no amulet)
HPRegen  0.09/turn              (no ring)
MPRegen  0.08/turn              (no ring)

@: flying, studying Maces & Flails
A: fixed mp, +cast, floating
a: no special abilities


You were on level 3 of the Dungeon.
You were not hungry.

You visited 1 branch of the dungeon, and saw 3 of its levels.

You collected 119 gold pieces.

Inventory:

Hand Weapons
 a - a +0 hand axe (weapon)
 v - a +0 hunting sling
Missiles
 i - 522 stones (quivered)
 o - 217 poisoned needles
 w - 83 tomahawks
Armour
 b - a +1 hat (worn)
 d - a +1 pair of gloves (worn)
 u - a +1 ring mail (worn)
Scrolls
 p - a scroll of remove curse
 s - a scroll of enchant weapon
 t - a scroll of identify
Potions
 c - a potion of mutation
Books
 e - a manual of Maces & Flails
Miscellaneous
 f - an ancient crate
Comestibles
 g - 2 rations {!d}
 h - 2 chunks of flesh


   Skills:
 - Level 2.9 Fighting
 * Level 3.2 Maces & Flails
 - Level 0.3 Armour
 - Level 3.0 Dodging
 - Level 2.6 Stealth


You had 2 spell levels left.
You didn't know any spells.
Your spell library was empty.

Dungeon Overview and Level Annotations

Branches:
Dungeon (3/12)

Altars:
Elyvilon
Ru
Trog
Zin


Innate Abilities, Weirdness & Mutations

You cannot gain maximum magic capacity.
You can pull magic from your surroundings.
Your body floats in the air.


Message History

The worm is lightly wounded.
You hit the worm.
The worm is moderately wounded.
The worm bites you but does no damage.
You hit the worm.
The worm is heavily wounded.
The worm bites you.
* * * LOW HITPOINT WARNING * * *
You hit the worm.
The worm is heavily wounded.
You barely miss the worm.
The worm is heavily wounded.
The worm bites you but does no damage.
You hit the worm.
The worm is severely wounded.
The worm bites you but does no damage.
You hit the worm but do no damage.
The worm is heavily wounded.
The worm bites you.
You die...

#......... #.########
#.# ### #.######## ..#
#.##...... #.#
#.##.##### # #.# #.##.#
# #.##.###.##.##.#####
#.w@.....##........#
##.###.#########.###.#
#...##.########...##.#
..........[............
##....##########.......
##.#. ###.#.### # #
#.....# # #.###.### #.#
##...


You could see a worm.

Vanquished Creatures
  2 adders (D:2)
  An ooze (D:1)
  4 leopard geckos
  2 orcs
  6 giant cockroaches
  2 goblins (D:2)
  4 hobgoblins
  A quokka (D:2)
  2 ball pythons
  5 bats
  A frilled lizard (D:1)
  4 kobolds
  A rat (D:1)
35 creatures vanquished.

Notes
Turn   | Place    | Note
-------+----------+-------------------------------------------
     0 | D:1      | Chiseanne the Djinni Archaeologist began the quest for the
                  | Orb.
     0 | D:1      | Reached XP level 1. HP: 15/15 MP: 3/3
   474 | D:1      | Reached XP level 2. HP: 14/22 MP: 3/3
  1432 | D:2      | Found a sacrificial altar of Ru.
  1729 | D:2      | Reached XP level 3. HP: 27/28 MP: 3/3
  1820 | D:2      | Found a bloodstained altar of Trog.
  1856 | D:2      | Reached skill level 1 in Maces & Flails
  2040 | D:2      | Found a white marble altar of Elyvilon.
  2730 | D:3      | Found a glowing silver altar of Zin.
  3198 | D:3      | Slain by a worm

Skill      XL: |  1  2  3 |
---------------+----------+-----
Fighting       | 2 |  2.9
Maces & Flails | 3 |  3.2
Armour         | |  0.3
Dodging        | |  3.0
Stealth        | |  2.6

Action                   || total
-------------------------++-------
Melee: Unarmed           ||    24
       Hand axe          ||   155
       Club              ||     2
 Fire: Hunting sling     ||     7
  Use: Scroll            ||     9
 Stab: Sleeping          ||     7
  Eat: Chunk             ||     4
       Ration            ||     1
Armor: Robe              ||    13
       Ring mail         ||    76
Dodge: Dodged            ||   126
